 Dungeon Crawl Stone Soup version 0.28.0-53-g5a82cb258f (webtiles) character file.

Game seed: 1170778690988566122

2 LynnLen the Sneak (level 1, 0/10 HPs)
             Began as a Vampire Enchanter on Aug 17, 2022.
             Slain by a quokka (4 damage)
             ... on level 1 of the Dungeon.
             The game lasted 00:00:22 (137 turns).

LynnLen the Sneak (Vampire Enchanter)                Turns: 137, Time: 00:00:23

Health: 0/10       AC:  2    Str:  7    XL:     1   Next: 25%
Magic:  3/3        EV: 12    Int: 17    God:
Gold:   7          SH:  0    Dex: 14    Spells: 4/4 levels left

rFire   . . .      SeeInvis +   a - +1 dagger
rCold   + + .      Faith    .   (no shield)
rNeg    + + +      Spirit   .   b - +0 robe
rPois   ∞          Reflect  .   (no helmet)
rElec   .          Harm     .   (no cloak)
rCorr   +          Rampage  .   (no gloves)
Will    .....                   (no boots)
Stlth   +++++.....              (no amulet)
HPRegen 0.00/turn               d - ring of resist corrosion
MPRegen 0.08/turn               (no ring)

@: bloodless, inhibited regen
A: bloodless, fangs 3, see invisible, vampiric 1
a: Revivify


You were on level 1 of the Dungeon.
You visited 1 branch of the dungeon, and saw 1 of its levels.

You collected 7 gold pieces.

Inventory:

Hand Weapons
 a - a +1 dagger (weapon)
Armour
 b - a +0 robe (worn)
Jewellery
 d - a ring of resist corrosion (left hand)
Potions
 c - a potion of invisibility


   Skills:
 + Level 1.2 Short Blades
 - Level 2.1 Dodging
 + Level 4.5 Stealth
 - Level 2.0 Spellcasting
 - Level 4.4 Hexes


You had 4 spell levels left.
You didn't know any spells.
Your spell library contained the following spells:

 Spells                   Type           Power      Damage    Failure   Level
 Confusing Touch          Hex            16%        N/A       10%         3
 Tukima's Dance           Hex            16%        N/A       10%         3
 Ensorcelled Hibernation  Hex/Ice        18%        N/A       12%         2
 Dazzling Flash           Conj/Hex       18%        N/A       24%         3


Dungeon Overview and Level Annotations

Branches:
Dungeon (1/15)

Altars:


Innate Abilities, Weirdness & Mutations

You do not regenerate when monsters are visible.
You are frail without blood (-20% HP).
You can heal yourself when you bite living creatures.
You are immune to poison.
You have razor-sharp teeth.
You have supernaturally acute eyesight. (SInv)
You are afflicted with vampirism.


Message History

Found a staircase leading out of the dungeon.
You begin bloodletting.
You continue bloodletting. x5
HP restored.
You become bloodless.
Found a stone staircase leading down.
An endoplasm comes into view.
A rat comes into view.
Found 7 gold pieces.
Found a scroll labelled YGIMAM NELO.
Found 7 gold pieces.
You see here a ring of resist corrosion.
d - a ring of resist corrosion A ball python comes into view.
The rat closely misses you.
You closely miss the rat. The rat bites you.
You hit the rat.
You kill the rat!
d - a ring of resist corrosion (left hand)
You start resting.
HP restored.
Found a stone staircase leading down.
Found a scroll labelled LUJIDUNUYS.
The helpless ball python fails to defend itself.
You bite the ball python, and draw its blood!
You impale the ball python!!
You kill the ball python!
You now have 7 gold pieces.
A quokka comes into view.
Found 24 stones.
You see here a scroll labelled LUJIDUNUYS.
You hit the quokka.
The quokka is moderately wounded.
The quokka bites you. x2
You hit the quokka. Your bite misses the quokka.
The quokka is severely wounded.
The quokka bites you.
You closely miss the quokka. Your punch misses the quokka.
Your bite misses the quokka.
The quokka is severely wounded.
The quokka bites you.
You die...

.............# ##>
.............##...
................# ####
..............# #...##
..#..........## #.....#
.............# .......
.............# .......
.............#####.......
................@r......#
≈...............##.......
≈≈............#.# .......
≈≈≈.........###.# (......
...≈......#.. #.# #.....#
..≈≈≈...####..... ....##
.≈≈≈≈≈.. #.... ....# ..
... .... ....# ##


You could see a quokka.

Vanquished Creatures
  A ball python (D:1)
  A rat (D:1)
2 creatures vanquished.

Notes
Turn   | Place    | Note
-------+----------+-------------------------------------------
     0 | D:1      | LynnLen the Vampire Enchanter began the quest for the Orb.
     0 | D:1      | Reached XP level 1. HP: 13/13 MP: 3/3
   137 | D:1      | Slain by a quokka

Illustrated notes

Levels and vault maps discovered:
D:1:      onia_arrival_pyramid, layout_rooms,
          shapermc_ecumenical_altar_mp_vishouse

Action                   || total
-------------------------++-------
Melee: Dagger            ||     6
 Abil: Exsanguinate      ||     1
 Stab: Sleeping          ||     1
Dodge: Dodged            ||     1
